 Dungeon Crawl Stone Soup version 0.30-a0-381-g6ea064c7b4 (webtiles) character file.

Game seed: 4331562763995195645

539 testman the Trooper (level 7, -1/97 HPs)
             Began as an Armataur Fighter on Dec 1, 2022.
             Was a Believer of Trog.
             Slain by a lemure (3 damage)
             ... led by Pikel
             ... on level 4 of the Dungeon.
             The game lasted 00:10:54 (3630 turns).

testman the Trooper (Armataur Fighter)              Turns: 3630, Time: 00:10:55

Health: -1/97      AC: 11    Str: 23    XL:     7   Next: 5%
Magic:  16/16      EV:  7    Int:  8    God:    Trog [**....]
Gold:   254        SH:  4    Dex: 10    Spells: 6/6 levels left

rFire   . . .      SeeInvis .    x - +0 morningstar
rCold   . . .      Faith    +    c - +0 buckler
rNeg    . . .      Spirit   .    b - +0 scale mail
rPois   .          Reflect  .    h - +0 helmet
rElec   .          Harm     .    s - +2 cloak
rCorr   .          Roll     +    (no gloves)
Will    .....                    (no barding)
Stlth   ..........               r - amulet of faith
HPRegen 0.36/turn                p - ring of magical power
MPRegen 0.15/turn                (no ring)

@: berserking, very quick
A: large, rugged brown scales 3, deformed body, armoured tail, roll, long
tongue, awkward tongue
a: Renounce Religion, Berserk, Trog's Hand


You were on level 4 of the Dungeon.
You worshipped Trog.
Trog was pleased with you.
You visited 1 branch of the dungeon, and saw 4 of its levels.

You collected 293 gold pieces.
You spent 39 gold pieces at shops.

Inventory:

Hand Weapons
 a - a +0 flail
 x - a +0 morningstar (weapon)
Missiles
 k - 4 poisoned darts (quivered)
 l - 2 throwing nets
Armour
 b - a +0 scale mail (worn)
 c - a +0 buckler (worn)
 h - a +0 helmet (worn)
 s - a +2 cloak (worn)
Jewellery
 p - a ring of magical power (left hand)
 r - an amulet of faith (around neck)
Wands
 t - a wand of iceblast (2)
Scrolls
 e - 2 scrolls of silence {unknown}
 f - 2 scrolls of fear {unknown}
 i - 4 scrolls of teleportation {unknown}
 j - 3 scrolls of identify {unknown}
 n - a scroll of enchant armour {unknown}
 o - a scroll of noise {unknown}
 q - a scroll of magic mapping {unknown}
 u - a scroll of torment {unknown}
 v - a scroll of acquirement {unknown}
Potions
 d - 3 potions of might
 g - 2 potions of lignification {unknown}
 m - 2 potions of heal wounds {unknown}
 w - a potion of ambrosia {unknown}


   Skills:
 + Level 5.5 Fighting
 + Level 5.1 Maces & Flails
 - Level 3.6 Armour
 - Level 3.2 Shields


You had 6 spell levels left.
You didn't know any spells.
Your spell library contained the following spells:

 Spells                   Type           Power      Damage    Failure   Level
 Magic Dart               Conj           0%         1d3       80%         1
 Searing Ray              Conj           0%         2d4       90%         2
 Frozen Ramparts          Ice            0%         1d1       99%         3
 Ignite Poison            Fire/Tmut/Pois 0%         N/A       99%         3
 Fulminant Prism          Conj/Hex       0%         3d5       100%        4
 Ice Form                 Ice/Tmut       0%         N/A       100%        4
 Sticky Flame             Conj/Fire      0%         2d3       100%        4
 Summon Ice Beast         Ice/Summ       0%         N/A       100%        4
 Ignition                 Fire           0%         3d3       100%        8


Dungeon Overview and Level Annotations

Branches:
Dungeon (4/15)
 Temple: D:4-7

Altars:
Trog
Zin

Shops:
D:1 !

Annotations:
D:4 Pikel


Innate Abilities, Weirdness & Mutations

You are completely covered in rugged brown scales. (AC +3, +7% HP)
Armour fits poorly on your strangely shaped body.
You have a long armoured tail.
You roll when moving toward enemies. (Rampage)
Your long tongue fully drains potion bottles. (2x potion effects)
Your tongue gives you trouble enunciating. (1.5x scroll delay)


Message History

You feel yourself moving faster!
You feel mighty!
Pikel hits you with a +0 whip of freezing!
Pikel freezes you. The lemure hits you. You block the lemure's attack.
Pikel hits you with a +0 whip of freezing.
Pikel freezes you.
You closely miss Pikel. You block Pikel's attack.
The lemure hits you but does no damage.
You hit Pikel.
Your tail-slap misses Pikel.
Pikel is lightly wounded.
Pikel hits you with a +0 whip of freezing!
Pikel freezes you.
The lemure hits you but does no damage. x2
You barely miss Pikel. You tail-slap Pikel.
Pikel is lightly wounded.
You block Pikel's attack.
The lemure hits you but does no damage. x3
Pikel hits you with a +0 whip of freezing!
* * * LOW HITPOINT WARNING * * *
Pikel freezes you.
* * * LOW HITPOINT WARNING * * *
Unknown command.
Okay, then.
You hit Pikel. You tail-slap Pikel.
Pikel is lightly wounded.
Pikel hits you with a +0 whip of freezing.
* * * LOW HITPOINT WARNING * * *
Pikel freezes you.
* * * LOW HITPOINT WARNING * * *
The lemure hits you.
* * * LOW HITPOINT WARNING * * *
You block the lemure's attack. The lemure closely misses you.
You closely miss Pikel.
Pikel is lightly wounded.
Pikel hits you with a +0 whip of freezing!
* * * LOW HITPOINT WARNING * * *
Pikel freezes you.
* * * LOW HITPOINT WARNING * * *
Unknown command.
You hit Pikel.
Pikel is moderately wounded.
Pikel barely misses you. The lemure hits you.
You die...

#.........###....
####..#.....####....
##....###....###.....
##....###.............
#....###.....#........
##.5........####.#....
###.#.#..#...# ######.
#...###.##...#######..
#...5@K.....##.##.....
##..55.........#......
##................#..
##.............#..[.
##.................
##....).).)))#....
#......#...>#.###
.....#.###...#....
.... ## ##........


You could see Pikel (berserk) and 3 lemures.

Vanquished Creatures
  Eustachio (D:4)
  Pargi (D:4)
  A lemure (D:4)
  An orc priest (D:4)
  Crazy Yiuf (D:2)
  2 orc wizards (D:3)
  4 gnolls (D:3)
  4 adders
  2 dart slugs (D:1)
  18 orcs
  4 ball pythons
  5 bats
  5 endoplasms
  7 giant cockroaches
  9 goblins
  12 hobgoblins
  2 jackals (D:3)
  5 quokkas
  4 frilled lizards
  3 kobolds
  6 rats
97 creatures vanquished.

Notes
Turn   | Place    | Note
-------+----------+-------------------------------------------
     0 | D:1      | testman the Armataur Fighter began the quest for the Orb.
     0 | D:1      | Reached XP level 1. HP: 19/19 MP: 1/1
   112 | D:1      | Reached XP level 2. HP: 23/27 MP: 2/2
   533 | D:1      | Found Ecvusei's Distillery.
   548 | D:1      | Bought a potion of curing for 39 gold pieces
   734 | D:1      | Reached XP level 3. HP: 33/33 MP: 3/3
  1082 | D:2      | Found a bloodstained altar of Trog.
  1105 | D:2      | Became a worshipper of Trog the Wrathful
  1295 | D:2      | Found a runed translucent door.
  1296 | D:2      | Noticed Crazy Yiuf
  1305 | D:2      | Killed Crazy Yiuf
  1306 | D:2      | Reached XP level 4. HP: 13/42 MP: 4/4
  2011 | D:3      | Reached * piety under Trog
  2311 | D:3      | Reached XP level 5. HP: 49/49 MP: 5/5
  2758 | D:3      | Found a glowing silver altar of Zin.
  3068 | D:4      | Noticed Pargi
  3072 | D:4      | Reached ** piety under Trog
  3087 | D:4      | Killed Pargi
  3088 | D:4      | Reached XP level 6. HP: 58/58 MP: 6/6
  3163 | D:3      | Reached skill level 5 in Fighting
  3312 | D:4      | Noticed Eustachio
  3321 | D:4      | Killed Eustachio
  3322 | D:4      | Reached skill level 5 in Maces & Flails
  3322 | D:4      | Reached XP level 7. HP: 65/65 MP: 7/7
  3619 | D:4      | Noticed Pikel
  3629 | D:4      | HP: 2/97 [Pikel/+0 whip of freezing (4)]
  3630 | D:4      | Slain by a lemure

Illustrated notes

Levels and vault maps discovered:
D:1:      denvon_arrival_planthouse, layout_basic, serial_shops, shop_coins
D:2:      layout_basic, basic_altar, minivault_5, kennysheep_generic_room_9,
          uniq_crazy_yiuf_cottage
D:3:      layout_loops_ring, mainiacjoe_overflow_brackets
D:4:      layout_cave_pools, marbit_many_paths, minmay_temple_entry_nine_rooms,
          uniq_pargi, uniq_pikel, uniq_eustachio

Skill      XL: |  1  2  3  4  5  6 |
---------------+-------------------+-----
Maces & Flails | 2 3 4 5 |  5.1
Fighting       | 3 4 5 |  5.5
Armour         | |  3.6
Shields        | |  3.2

Action                   |  1- 3 |  4- 6 |  7- 9 || total
-------------------------+-------+-------+-------++-------
Melee: Flail             |   124 |   175 |       ||   299
       Tailslap          |    12 |    17 |     6 ||    35
       Morningstar       |       |    18 |    34 ||    52
Invok: Berserk           |       |     2 |     1 ||     3
  Use: Potion            |       |     1 |       ||     1
Armor: Scale mail        |    96 |   131 |    25 ||   252
Dodge: Dodged            |    49 |    67 |    24 ||   140
Block: Buckler           |    20 |    43 |    13 ||    76

Table legend: (Time is in decaauts)
 A = Elapsed time spent in this place.
 B = Non-inter-level travel time spent in this place.
 C = Inter-level travel time spent in this place.
 D = Time resting spent in this place.
 E = Time spent auto-exploring this place.
 F = Levels seen in this place.
 G = Mean time per level.
                   A        B        C        D        E       F      G
               +--------+--------+--------+--------+--------+-----+--------+
         Total |   3745 |   3569 |    176 |    353 |   2454 |   4 |  936.2 |
       Dungeon |   3745 |   3569 |    176 |    353 |   2454 |   4 |  936.2 |
               +--------+--------+--------+--------+--------+-----+--------+

Top non-repeatable levels by time:
     D:3: 1341 daAuts
     D:2: 1089 daAuts
     D:1: 882 daAuts
     D:4: 431 daAuts
